 Dungeon Crawl Stone Soup version 0.27-a0-1557-g57f10a385c (webtiles) character file.

Game seed: 4798355417715002244

4 Sin92 the Skirmisher (level 1, -2/18 HPs)
             Began as a Demonspawn Fighter on July 15, 2021.
             Killed from afar by Sigmund (9 damage)
             ... with a magic dart
             ... on level 2 of the Dungeon.
             The game lasted 00:00:21 (308 turns).

Sin92 the Skirmisher (Demonspawn Fighter)            Turns: 308, Time: 00:00:21

Health: -2/18      AC:  6    Str: 16    XL:     1   Next: 50%
Magic:  1/1        EV:  6    Int:  9    God:
Gold:   0          SH:  8    Dex: 12    Spells: 0/0 levels left

rFire    . . .     SeeInvis .   a - +0 war axe
rCold    . . .     Faith    .   c - +0 kite shield
rNeg     . . .     Spirit   .   b - +0 scale mail
rPois    .         Reflect  .   (no helmet)
rElec    .         Harm     .   (no cloak)
rCorr    .         Rampage  .   (no gloves)
Will     .....                  (no boots)
Stlth    ..........             (no amulet)
HPRegen  0.06/turn              (no ring)
MPRegen  0.07/turn              (no ring)

@: mighty
A: no striking features
a: no special abilities


You were on level 2 of the Dungeon.
You visited 1 branch of the dungeon, and saw 2 of its levels.

Inventory:

Hand Weapons
 a - a +0 war axe (weapon)
Armour
 b - a +0 scale mail (worn)
 c - a +0 kite shield (worn)
Scrolls
 e - a scroll of amnesia {unknown}
 f - a scroll of noise {unknown}
Potions
 g - a potion of curing {unknown}


   Skills:
 + Level 3.0 Fighting
 * Level 1.9 Axes
 + Level 2.7 Armour
 + Level 0.1 Dodging
 + Level 2.7 Shields


You couldn't memorise any spells.
You didn't know any spells.
Your spell library was empty.

Dungeon Overview and Level Annotations

Branches:
Dungeon (1/15)

Altars:

Annotations:
D:2 Sigmund


Message History

You hit the quokka but do no damage.
The quokka bites you but does no damage.
The quokka bites you.
A quokka is nearby!
You miss the quokka. You block the quokka's attack.
The quokka bites you but does no damage.
A quokka is nearby!
You barely miss the quokka. The quokka bites you.
You block the quokka's attack.
A quokka is nearby!
You miss the quokka.
The quokka bites you but does no damage. x2
A quokka is nearby!
You slash the quokka!
You kill the quokka!
Found a stone staircase leading down.
You fall into a shaft and drop 1 floor!
The shaft crumbles and collapses.
Sigmund the Dreaded comes into view.
He is wielding a +0 scythe.
Sigmund shouts!
Sigmund barely misses you.
Sigmund is nearby!
You block Sigmund's attack.
Sigmund is nearby!
You barely miss Sigmund. Sigmund hits you with a +0 scythe.
You closely miss Sigmund. Sigmund hits you with a +0 scythe!
A giant cockroach comes into view.
Sigmund hits you but does no damage.
A goblin comes into view. It is wielding a +0 dagger.
There are monsters nearby!
You are too injured to fight recklessly!
You feel very mighty all of a sudden.
The giant cockroach waves its antennae.
You block Sigmund's attack. You block the giant cockroach's attack.
You closely miss Sigmund. You slash the giant cockroach!
You kill the giant cockroach!
Sigmund points at you and mumbles some strange words.
The magic dart hits you!
Ouch! That really hurt!
You die...

#.####......##.#
#......##.#.##.#
#########.#.##.#
#.#.##.#
######.#.##.#
#......#.##.#
########.######.##.#
...g..@#.######.##.#
#..@........#
#.##.######## # #.#
#.. ####


You could see Sigmund and a goblin.

Vanquished Creatures
  2 giant cockroaches
  A hobgoblin (D:1)
  A quokka (D:1)
4 creatures vanquished.

Notes
Turn   | Place    | Note
-------+----------+-------------------------------------------
     0 | D:1      | Sin92 the Demonspawn Fighter began the quest for the Orb.
     0 | D:1      | Reached XP level 1. HP: 18/18 MP: 1/1
   235 | D:1      | You fall into a shaft and drop 1 floor!
   303 | D:2      | Noticed Sigmund
   308 | D:2      | Killed from afar by Sigmund

Illustrated notes

Levels and vault maps discovered:
D:1:      dpeg_arrival_water_temple_mockup, layout_basic
D:2:      layout_basic, hellmonk_ecumenical_altar_inner_sanctum,
          minmay_bisected, uniq_sigmund

Action                   || total
-------------------------++-------
Melee: War axe           ||    16
  Use: Potion            ||     1
Armor: Scale mail        ||     6
Dodge: Dodged            ||     5
Block: Kite shield       ||    10

Table legend: (Time is in decaauts)
 A = Elapsed time spent in this place.
 B = Non-inter-level travel time spent in this place.
 C = Inter-level travel time spent in this place.
 D = Time resting spent in this place.
 E = Time spent auto-exploring this place.
 F = Levels seen in this place.
 G = Mean time per level.
                   A        B        C        D        E       F      G
               +--------+--------+--------+--------+--------+-----+--------+
         Total |    317 |    317 |      0 |      0 |    277 |   2 |  158.5 |
       Dungeon |    317 |    317 |      0 |      0 |    277 |   2 |  158.5 |
               +--------+--------+--------+--------+--------+-----+--------+

Top non-repeatable levels by time:
     D:1: 243 daAuts
     D:2: 74 daAuts
